| TOP OF THE 1ST |
|
Orem Owlz batting - Pitching for Elizabethton Twins : RHP Olegário Salsinha
|
|
Pitching: RHP Olegário Salsinha
|
|
|
Batting: RHB Dan Myers
|
0-0: Foul Ball, location: 2F 0-1: Ball 1-1: Called Strike 1-2: Strikes out swinging
|
|
Batting: RHB Daniel Molina
|
0-0: Ball 1-0: Foul Ball, location: 2F 1-1: Ball 2-1: Foul Ball, location: 2F 2-2: Ball 3-2: Strikes out swinging
|
|
Batting: LHB Bill Girton
|
0-0: Ball 1-0: Called Strike 1-1: Foul Ball, location: 2F 1-2: Ball 2-2: Strikes out swinging
|
| Top of the 1st over - 0 runs, 0 hits, 0 errors, 0 left on base; Orem 0 - Elizabethton 0 |
| BOTTOM OF THE 1ST |
|
Elizabethton Twins batting - Pitching for Orem Owlz : RHP Ju-wei Long
|
|
Pitching: RHP Ju-wei Long
|
|
|
Batting: RHB Fhil Mikrakin
|
0-0: Ball 1-0: Fly out, F8 (Flyball, 8RD, EV 90.0 MPH)
|
|
Batting: RHB Josh Harmon
|
0-0: Called Strike 0-1: Called Strike 0-2: Strikes out swinging
|
|
Batting: LHB Bill Lorimer
|
0-0: Called Strike 0-1: Ball 1-1: Foul Ball, location: 2F 1-2: Foul Ball, location: 2F 1-2: SINGLE (Line Drive, 4M, EV 99.4 MPH)
|
|
Batting: LHB David Ramos
|
0-0: Ball 1-0: Swinging Strike 1-1: Ball 2-1: Fielders Choice at 2nd, 6-4 (Groundball, 6, EV 99.4 MPH)
|
| Bottom of the 1st over - 0 runs, 1 hit, 0 errors, 1 left on base; Orem 0 - Elizabethton 0 |
| TOP OF THE 2ND |
|
Orem Owlz batting - Pitching for Elizabethton Twins : RHP Olegário Salsinha
|
|
Batting: RHB Brian Spry
|
0-0: Ball 1-0: Ball 2-0: Ball 3-0: Called Strike 3-1: Foul Ball, location: 2F 3-2: Base on Balls
|
|
Batting: SHB David Vigo
|
0-0: Called Strike 0-1: Ball 1-1: Ball 2-1: Called Strike 2-2: Foul Ball, location: 2F 2-2: Ball 3-2: Base on Balls Brian Spry to second
|
|
Batting: RHB Ivan Barrientos
|
0-0: Ball 1-0: Foul Ball, location: 2F 1-1: Ball 2-1: Swinging Strike 2-2: Strikes out looking
|
|
Batting: RHB David Rhodes
|
0-0: Ball 1-0: Ball 2-0: Ball 3-0: Foul Ball, location: 2F 3-1: Swinging Strike 3-2: Base on Balls Brian Spry to third David Vigo to second
|
|
Batting: RHB Fred Saxton
|
0-0: Called Strike 0-1: Foul Ball, location: 2F 0-2: Strikes out swinging
|
|
Batting: RHB Brendan Garoutte
|
0-0: Ball 1-0: Fly out, F7 (Flyball, 78S, EV 84.4 MPH)
|
| Top of the 2nd over - 0 runs, 0 hits, 0 errors, 3 left on base; Orem 0 - Elizabethton 0 |
| BOTTOM OF THE 2ND |
|
Elizabethton Twins batting - Pitching for Orem Owlz : RHP Ju-wei Long
|
|
Batting: LHB Diego Gutierres
|
0-0: Foul Ball, location: 2F 0-1: Ball 1-1: Ball 2-1: Ball 3-1: Base on Balls
|
|
Batting: SHB Rodrigo Mendoza
|
0-0: Called Strike 0-1: Ball 1-1: Fly out, F8 (Line Drive, 8RD, EV 95.6 MPH)
|
|
Batting: SHB Ed Mosqueda
|
0-0: SINGLE (Flyball, 78S, EV 93.8 MPH) Diego Gutierres to second
|
|
Batting: RHB Hisao Takei
|
0-0: Hit by Pitch Diego Gutierres to third Ed Mosqueda to second
|
|
Batting: LHB Raul Aldaz
|
0-0: Ball 1-0: Swinging Strike 1-1: Called Strike 1-2: Strikes out swinging
|
|
Batting: RHB Fhil Mikrakin
|
0-0: Ball 1-0: Ball 2-0: Foul Ball, location: 2F 2-1: Ball 3-1: Fly out, F9 (Flyball, 89S, EV 91.9 MPH)
|
| Bottom of the 2nd over - 0 runs, 1 hit, 0 errors, 3 left on base; Orem 0 - Elizabethton 0 |
| TOP OF THE 3RD |
|
Orem Owlz batting - Pitching for Elizabethton Twins : RHP Olegário Salsinha
|
|
Batting: RHB Dan Myers
|
0-0: Ball 1-0: Swinging Strike 1-1: Fly out, F9 (Flyball, 9S, EV 90.6 MPH)
|
|
Batting: RHB Daniel Molina
|
0-0: Foul Ball, location: 2F 0-1: Called Strike 0-2: Strikes out swinging
|
|
Batting: LHB Bill Girton
|
0-0: Ball 1-0: Foul Ball, location: 2F 1-1: Fly out, F6 (Line Drive, 4MD, EV 70.0 MPH)
|
| Top of the 3rd over - 0 runs, 0 hits, 0 errors, 0 left on base; Orem 0 - Elizabethton 0 |
| BOTTOM OF THE 3RD |
|
Elizabethton Twins batting - Pitching for Orem Owlz : RHP Ju-wei Long
|
|
Batting: RHB Josh Harmon
|
0-0: Ball 1-0: Foul Ball, location: 2F 1-1: Ball 2-1: Foul Ball, location: 2F 2-2: Foul Ball, location: 2F 2-2: TRIPLE (Line Drive, 9LD, EV 101.2 MPH)
|
|
Batting: LHB Bill Lorimer
|
0-0: Ball 1-0: Ball 2-0: Ball 3-0: Base on Balls
|
|
Batting: LHB David Ramos
|
0-0: Fly out, F7 (Flyball, 78S, EV 72.5 MPH)
|
|
Batting: LHB Diego Gutierres
|
0-0: Ball 1-0: Called Strike 1-1: Called Strike 1-2: Ball 2-2: Foul Ball, location: 2F 2-2: Foul Ball, location: 2F 2-2: Foul Ball, location: 2F 2-2: Fly out, F7 (Flyball, 7, EV 84.4 MPH) Runner from 3rd tags up, SCORES, throw by LF
|
|
Batting: SHB Rodrigo Mendoza
|
0-0: Foul Ball, location: 2F 0-1: Ball 1-1: Ball 2-1: Ball 3-1: Foul Ball, location: 2F 3-2: Foul Ball, location: 2F 3-2: Base on Balls Bill Lorimer to second
|
|
Batting: SHB Ed Mosqueda
|
0-0: Called Strike 0-1: Swinging Strike 0-2: Reached on error, E6 (Groundball, 6, EV 82.5 MPH) Bill Lorimer to third Rodrigo Mendoza to second
|
|
Batting: RHB Hisao Takei
|
0-0: Ball 1-0: Ball 2-0: Swinging Strike 2-1: Called Strike 2-2: Strikes out swinging
|
| Bottom of the 3rd over - 1 run, 1 hit, 1 error, 3 left on base; Orem 0 - Elizabethton 1 |
| TOP OF THE 4TH |
|
Orem Owlz batting - Pitching for Elizabethton Twins : RHP Olegário Salsinha
|
|
Batting: RHB Brian Spry
|
0-0: Foul Ball, location: 2F 0-1: Swinging Strike 0-2: Foul Ball, location: 2F 0-2: Ball 1-2: Ball 2-2: Strikes out swinging
|
|
Batting: SHB David Vigo
|
0-0: Ball 1-0: Called Strike 1-1: Ball 2-1: Ball 3-1: Foul Ball, location: 2F 3-2: Base on Balls
|
|
Batting: RHB Ivan Barrientos
|
0-0: Foul Ball, location: 2F 0-1: Called Strike David Vigo is caught stealing 2nd base 2-4 0-2: Ball 1-2: Foul Ball, location: 2F 1-2: Ball 2-2: Strikes out swinging
|
| Top of the 4th over - 0 runs, 0 hits, 0 errors, 0 left on base; Orem 0 - Elizabethton 1 |
| BOTTOM OF THE 4TH |
|
Elizabethton Twins batting - Pitching for Orem Owlz : RHP Ju-wei Long
|
|
Batting: LHB Raul Aldaz
|
0-0: Called Strike 0-1: Ground out U3 (Groundball, 3, EV 103.1 MPH)
|
|
Batting: RHB Fhil Mikrakin
|
0-0: Ball 1-0: Foul Ball, location: 2F 1-1: Fly out, F9 (Flyball, 9, EV 93.1 MPH)
|
|
Batting: RHB Josh Harmon
|
0-0: Called Strike 0-1: Ball 1-1: Ball 2-1: Ground out 6-3 (Groundball, 6M, EV 84.4 MPH)
|
| Bottom of the 4th over - 0 runs, 0 hits, 0 errors, 0 left on base; Orem 0 - Elizabethton 1 |
| TOP OF THE 5TH |
|
Orem Owlz batting - Pitching for Elizabethton Twins : RHP Olegário Salsinha
|
|
Batting: RHB David Rhodes
|
0-0: Called Strike 0-1: Ball 1-1: Ball 2-1: Foul Ball, location: 2F 2-2: SINGLE (Line Drive, 4D, EV 98.1 MPH)
|
|
Batting: RHB Fred Saxton
|
0-0: Ball 1-0: Fly out, F3 (Popup, 34S, EV 71.2 MPH)
|
|
Pinch Hitting: LHB Ramon Garduno
|
0-0: Called Strike 0-1: Swinging Strike 0-2: Strikes out swinging
|
|
Pitching: RHP Takeshi Kusanagi
|
|
|
Batting: RHB Dan Myers
|
0-0: Ball 1-0: Fly out, F6 (Line Drive, 6, EV 70.6 MPH)
|
| Top of the 5th over - 0 runs, 1 hit, 0 errors, 1 left on base; Orem 0 - Elizabethton 1 |
| BOTTOM OF THE 5TH |
|
Elizabethton Twins batting - Pitching for Orem Owlz : RHP Ju-wei Long
|
|
Now at 2B: Fred Saxton
|
|
|
Now at 3B: Yuya Hirata
|
|
|
Batting: LHB Bill Lorimer
|
0-0: Foul Ball, location: 2F 0-1: DOUBLE (Flyball, 78D, EV 88.1 MPH)
|
|
Batting: LHB David Ramos
|
0-0: Ball 1-0: Foul Ball, location: 2F 1-1: SINGLE (Line Drive, 9S, EV 106.2 MPH) Bill Lorimer to third
|
|
Pitching: RHP Victor Padilla
|
|
|
Batting: LHB Diego Gutierres
|
0-0: Ball 1-0: Foul Ball, location: 2F 1-1: Foul Ball, location: 2F 1-2: 3-RUN HOME RUN (Flyball, 7LD, EV 94.4 MPH), Distance : 339 ft
|
|
Batting: SHB Rodrigo Mendoza
|
0-0: Called Strike 0-1: Ball 1-1: Foul Ball, location: 2F 1-2: Foul Ball, location: 2F 1-2: Strikes out looking
|
|
Batting: SHB Ed Mosqueda
|
0-0: Ball 1-0: Ball 2-0: Fly out, F8 (Flyball, 78D, EV 98.1 MPH)
|
|
Batting: RHB Hisao Takei
|
0-0: Ball 1-0: Foul Ball, location: 2F 1-1: DOUBLE (Line Drive, 78D, EV 99.4 MPH)
|
|
Batting: LHB Raul Aldaz
|
0-0: Ball 1-0: Ball 2-0: Foul Ball, location: 2F 2-1: Foul Ball, location: 2F 2-2: Strikes out swinging
|
| Bottom of the 5th over - 3 runs, 4 hits, 0 errors, 1 left on base; Orem 0 - Elizabethton 4 |
| TOP OF THE 6TH |
|
Orem Owlz batting - Pitching for Elizabethton Twins : RHP Takeshi Kusanagi
|
|
Batting: RHB Daniel Molina
|
0-0: Ball 1-0: Ball 2-0: Called Strike 2-1: Foul Ball, location: 2F 2-2: Strikes out swinging
|
|
Batting: LHB Bill Girton
|
0-0: Ball 1-0: Foul Ball, location: 2F 1-1: SINGLE (Groundball, 34D, EV 106.2 MPH)
|
|
Batting: RHB Brian Spry
|
0-0: Ball 1-0: Called Strike 1-1: Foul Ball, location: 2F 1-2: Strikes out looking
|
|
Batting: SHB David Vigo
|
0-0: Ball 1-0: Ground out U3 (Groundball, 3L, EV 103.1 MPH)
|
| Top of the 6th over - 0 runs, 1 hit, 0 errors, 1 left on base; Orem 0 - Elizabethton 4 |
| BOTTOM OF THE 6TH |
|
Elizabethton Twins batting - Pitching for Orem Owlz : RHP Victor Padilla
|
|
Batting: RHB Fhil Mikrakin
|
0-0: Called Strike 0-1: Foul Ball, location: 2F 0-2: Strikes out swinging
|
|
Batting: RHB Josh Harmon
|
0-0: Called Strike 0-1: Foul Ball, location: 2F 0-2: Foul Ball, location: 2F 0-2: Foul Ball, location: 2F 0-2: Ball 1-2: Ball 2-2: Fly out, F9 (Flyball, 89M, EV 83.8 MPH)
|
|
Batting: LHB Bill Lorimer
|
0-0: Fly out, F4 (Line Drive, 34, EV 68.1 MPH)
|
| Bottom of the 6th over - 0 runs, 0 hits, 0 errors, 0 left on base; Orem 0 - Elizabethton 4 |
| TOP OF THE 7TH |
|
Orem Owlz batting - Pitching for Elizabethton Twins : RHP Takeshi Kusanagi
|
|
Now in LF: Raul Aldaz
|
|
|
Now in CF: Nestor Moreno
|
|
|
Batting: RHB Ivan Barrientos
|
0-0: Called Strike 0-1: Called Strike 0-2: Ball 1-2: Strikes out swinging
|
|
Batting: RHB David Rhodes
|
0-0: Foul Ball, location: 2F 0-1: Ball 1-1: SINGLE (Line Drive, 78M, EV 93.1 MPH)
|
|
Batting: RHB Fred Saxton
|
0-0: Ground out U3 (Groundball, 34S, EV 68.1 MPH) David Rhodes to second
|
|
Batting: SHB Yuya Hirata
|
0-0: Called Strike 0-1: Ball 1-1: Ball 2-1: Foul Ball, location: 2F 2-2: Foul Ball, location: 2F 2-2: Foul Ball, location: 2F 2-2: Foul Ball, location: 2F 2-2: Ball 3-2: Strikes out swinging
|
| Top of the 7th over - 0 runs, 1 hit, 0 errors, 1 left on base; Orem 0 - Elizabethton 4 |
| BOTTOM OF THE 7TH |
|
Elizabethton Twins batting - Pitching for Orem Owlz : RHP Victor Padilla
|
|
Batting: LHB David Ramos
|
0-0: Ball 1-0: Ball 2-0: Called Strike 2-1: Foul Ball, location: 2F 2-2: Ball 3-2: SINGLE (Line Drive, 56D, EV 100.6 MPH)
|
|
Batting: LHB Diego Gutierres
|
0-0: Called Strike 0-1: Ball 1-1: Fielders Choice at 2nd, 4-6 (Groundball, 4M, EV 85.6 MPH)
|
|
Batting: SHB Rodrigo Mendoza
|
0-0: Foul Ball, location: 2F 0-1: Foul Ball, location: 2F 0-2: Ball 1-2: Strikes out swinging
|
|
Batting: SHB Ed Mosqueda
|
0-0: Ball 1-0: 2-RUN HOME RUN (Flyball, 78XD, EV 96.2 MPH), Distance : 395 ft
|
|
Batting: RHB Hisao Takei
|
0-0: Ball 1-0: Called Strike 1-1: Hit by Pitch
|
|
Pitching: RHP Javier Carrasco
|
|
|
Batting: LHB Raul Aldaz
|
0-0: Called Strike 0-1: Fly out, F9 (Flyball, 9S, EV 96.9 MPH)
|
| Bottom of the 7th over - 2 runs, 2 hits, 0 errors, 1 left on base; Orem 0 - Elizabethton 6 |
| TOP OF THE 8TH |
|
Orem Owlz batting - Pitching for Elizabethton Twins : RHP Takeshi Kusanagi
|
|
Pitching: RHP Miguel Montelongo
|
|
|
Batting: RHB Dan Myers
|
0-0: Ball 1-0: Ball 2-0: Foul Ball, location: 2F 2-1: Swinging Strike 2-2: Fly out, F8 (Flyball, 89D, EV 108.8 MPH)
|
|
Batting: RHB Daniel Molina
|
0-0: Ball 1-0: Swinging Strike 1-1: Ball 2-1: Ball 3-1: Swinging Strike 3-2: Strikes out swinging
|
|
Batting: LHB Bill Girton
|
0-0: Ball 1-0: Foul Ball, location: 2F 1-1: Foul Ball, location: 2F 1-2: Strikes out swinging
|
| Top of the 8th over - 0 runs, 0 hits, 0 errors, 0 left on base; Orem 0 - Elizabethton 6 |
| BOTTOM OF THE 8TH |
|
Elizabethton Twins batting - Pitching for Orem Owlz : RHP Javier Carrasco
|
|
Batting: RHB Fhil Mikrakin
|
0-0: Ball 1-0: Fly out, F9 (Flyball, 9, EV 79.4 MPH)
|
|
Batting: RHB Josh Harmon
|
0-0: Ball 1-0: Called Strike 1-1: Ball 2-1: SINGLE (Groundball, 56D, EV 106.2 MPH)
|
|
Batting: RHB Nestor Moreno
|
0-0: Ball 1-0: Called Strike 1-1: Grounds into double play, 5-4-3 (Groundball, 56S, EV 84.4 MPH)
|
| Bottom of the 8th over - 0 runs, 1 hit, 0 errors, 0 left on base; Orem 0 - Elizabethton 6 |
| TOP OF THE 9TH |
|
Orem Owlz batting - Pitching for Elizabethton Twins : RHP Miguel Montelongo
|
|
Batting: RHB Brian Spry
|
0-0: Ball 1-0: Ball 2-0: Ball 3-0: Base on Balls
|
|
Batting: SHB David Vigo
|
0-0: Ball 1-0: Grounds into double play, 4-6-3 (Groundball, 4S, EV 85.6 MPH)
|
|
Batting: RHB Ivan Barrientos
|
0-0: Foul Ball, location: 2F 0-1: Ground out 6-3 (Groundball, 6, EV 113.8 MPH)
|
| Top of the 9th over - 0 runs, 0 hits, 0 errors, 0 left on base; Orem 0 - Elizabethton 6 |
|